Map: Old Estate

Players

PUNISHER

  • Race: Terran Terran
  • Spawn Location: 1:00

Infamous

  • Race: Protoss Protoss
  • League: Silver
  • Spawn Location: 1:00

SERGIOJR

  • Race: Terran Terran
  • Spawn Location: 3:00

Nomeon

  • Race: Protoss Protoss
  • Spawn Location: 3:00

blaquemamba

  • Race: Protoss Protoss
  • Spawn Location: 9:00

FUGASPOST

  • Race: Protoss Protoss
  • Spawn Location: 7:00

Dissention

  • Race: Terran Terran
  • League: Platinum
  • Spawn Location: 7:00

kanavan

  • Race: Zerg Zerg
  • League: Bronze
  • Spawn Location: 7:00

VOD

Have the link to the VOD?

Description

Time

  • Played on: March 19, 2018, 7:21 p.m.
  • Length: 9:57
Show
View Real Time Build Order
Export as new Build Order

PUNISHER Terran 

Build Orders:  

Get SALT Encoding   

  12  0:26  SCV  
  13  0:43  Command Center  
  13  1:05  Supply Depot  
  13  1:13  SCV  
  14  1:20  Refinery  
  14  1:22  Refinery  
  14  1:25  SCV  
  15  1:37  SCV  
  16  1:49  SCV  
  17  2:08  Barracks  
  17  2:18  Barracks  
  17  2:33  SCV  
  17  2:36  SCV  
  19  2:45  SCV  
  19  2:48  SCV  
  21  2:52  Barracks  
  21  2:57  SCV  
  22  3:00  SCV  
  23  3:08  Barracks Reactor  
  23  3:09  Barracks Reactor, SCV  
  24  3:21  SCV  
  25  3:34  Engineering Bay  
  25  3:36  SCV  
  26  3:43  Refinery  
  26  3:44  Refinery  
  26  3:48  SCV  
  26  3:49  Barracks Reactor  
  27  4:00  Factory, SCV  
  27  4:02  Marine x3  
  29  4:03  Marine  
  31  4:13  SCV  
  32  4:20  Missile Turret x2  
  32  4:24  Missile Turret  
  32  4:25  SCV  
  33  4:36  Terran Infantry Weapons Level 1  
  33  4:39  Marine x3  
  33  4:41  Marine  
  37  4:58  SCV  
  38  5:21  SCV  
  38  5:27  Supply Depot  
  35  5:30  Factory Tech Lab  
  35  5:33  SCV  
  36  5:36  Marine x2  
  38  5:48  Marine x4, SCV x2  
  38  5:49  Supply Depot  
  44  5:53  Marine  
  44  5:54  Marine  
  46  6:01  Supply Depot  
  46  6:07  Supply Depot  
  46  6:10  SCV  
  47  6:12  Supply Depot  
  47  6:13  Siege Tank  
  50  6:22  SCV  
  50  6:25  Reaper x4  
  54  6:26  Marine  
  54  6:30  Terran Infantry Armor Level 1  
  54  6:34  SCV  
  51  6:53  Reaper x2  
  53  6:57  Marine x3, Siege Tank  
  59  7:06  Marine  
  60  7:15  Marine x3  
  63  7:20  Refinery  
  63  7:24  Marine  
  63  7:25  Missile Turret  
  63  7:27  Missile Turret  
  63  7:29  Siege Tank  
  67  7:30  Missile Turret  
  67  7:31  Missile Turret  
  67  7:36  Missile Turret  
  67  7:46  Refinery  
  65  7:57  Missile Turret  
  65  7:58  Missile Turret  
  65  7:59  Missile Turret  
  65  8:04  Missile Turret  
  65  8:06  Missile Turret x2  
  65  8:42  Starport x2  
  65  8:43  Starport  
  53  9:21  Starport  
  41  9:35  Command Center  
  41  9:41  Command Center  
Show
View Real Time Build Order
Export as new Build Order

Infamous Protoss 

Build Orders:  

Get SALT Encoding   

  12  0:01  Probe  
  13  0:14  Probe  
  13  0:20  Pylon  
  14  0:28  Probe  
  15  0:40  Gateway  
  15  0:41  Probe (Chrono Boost)  
  16  0:53  Probe (Chrono Boost)  
  17  0:59  Probe (Chrono Boost)  
  17  1:00  Assimilator  
  18  1:15  Probe  
  18  1:18  Pylon  
  19  1:32  Probe  
  20  1:39  Cybernetics Core  
  20  1:44  Assimilator  
  20  1:50  Pylon  
  20  1:59  Probe  
  21  2:12  Probe, Warp Gate (Chrono Boost)  
  22  2:24  Gateway  
  22  2:25  Probe  
  22  2:28  Gateway  
  23  2:31  Robotics Facility  
  23  2:39  Adept (Chrono Boost)  
  25  2:52  Probe  
  25  2:57  Adept  
  29  3:05  Probe  
  29  3:16  Pylon  
  30  3:20  Observer (Chrono Boost)  
  29  3:31  Probe  
  30  3:43  Immortal (Chrono Boost), Probe  
  35  3:55  Probe  
  36  4:14  Nexus  
  36  4:16  Pylon  
  36  4:19  Pylon  
  36  4:22  Pylon  
  36  4:24  Probe  
  37  4:36  Probe  
  38  4:48  Probe  
  38  4:49  Stalker x3  
  41  4:53  Immortal  
  45  5:01  Probe  
  46  5:14  Stargate  
  46  5:15  Probe, Stargate  
  46  5:16  Protoss Air Weapons Level 1 (Chrono Boost)  
  47  5:22  Sentry  
  47  5:25  Zealot  
  51  5:32  Probe  
  52  5:43  Probe  
  53  5:58  Robotics Bay  
  53  6:00  Zealot x2  
  53  6:01  Zealot  
  54  6:26  Forge, Phoenix  
  56  6:34  Stalker  
  58  6:46  Assimilator  
  58  6:49  Assimilator  
  58  7:01  Probe  
  59  7:10  Probe  
  60  7:21  Photon Cannon  
  60  7:29  Probe  
  61  7:33  Stalker x2  
  55  8:09  Pylon  
  53  8:13  Pylon  
  53  8:27  Probe  
  58  8:40  Probe  
  59  8:50  Nexus  
  59  8:52  Probe  
  60  8:57  Pylon  
  60  9:04  Stalker  
  58  9:24  Stalker  
  58  9:25  Stalker  
Show
View Real Time Build Order
Export as new Build Order

SERGIOJR Terran 

Build Orders:  

Get SALT Encoding   

  12  0:48  Command Center  
  12  0:56  Refinery  
  12  1:21  Engineering Bay  
  12  2:02  Supply Depot  
  12  2:24  Supply Depot  
  12  2:47  Supply Depot  
  12  3:09  Supply Depot  
  12  3:33  Supply Depot  
  12  3:56  Supply Depot  
  12  4:22  Barracks  
  12  5:11  Barracks  
  12  5:18  Planetary Fortress  
  12  5:29  SCV  
  13  5:35  Barracks Tech Lab  
  13  5:41  SCV  
  14  6:04  Barracks Reactor  
  14  6:07  Command Center  
  14  6:51  SCV  
  15  7:49  Command Center  
  15  7:55  Planetary Fortress  
  12  9:02  Command Center  
Show
View Real Time Build Order
Export as new Build Order

Nomeon Protoss 

Build Orders:  

Get SALT Encoding   

  12  3:47  Probe  
  13  3:56  Pylon  
  13  3:59  Probe  
  13  4:01  Pylon  
  14  4:03  Pylon  
  14  4:04  Pylon  
  14  4:11  Probe  
  15  4:24  Probe, Gateway  
  16  4:25  Gateway  
  16  4:27  Gateway  
  16  4:29  Gateway  
  16  4:31  Gateway  
  16  4:36  Probe  
  17  4:38  Pylon x2  
  17  4:44  Pylon  
  17  5:20  Zealot x5  
  27  5:39  Pylon x2  
  27  5:47  Zealot x5  
  37  6:14  Zealot x3 (Chrono Boost)  
  37  6:15  Zealot (Chrono Boost)  
  47  6:21  Zealot (Chrono Boost)  
  47  6:36  Zealot x4 (Chrono Boost)  
  55  6:41  Zealot (Chrono Boost)  
  57  6:57  Pylon x2  
  57  6:58  Zealot x3  
  57  6:59  Zealot  
  65  7:08  Zealot  
  67  7:25  Zealot x3  
  67  7:26  Zealot  
  75  7:35  Zealot  
  77  7:52  Zealot x2  
  77  7:53  Zealot x2  
  85  8:02  Zealot  
  87  8:35  Zealot  
  87  8:36  Zealot x4  
  97  9:03  Zealot x3  
Show
View Real Time Build Order
Export as new Build Order

blaquemamba Protoss 

Build Orders:  

Get SALT Encoding   

  12  0:02  Probe (Chrono Boost)  
  14  0:14  Probe (Chrono Boost)  
  14  0:22  Pylon  
  14  0:26  Assimilator  
  14  0:30  Probe  
  15  0:42  Gateway  
  15  0:46  Probe  
  16  0:58  Probe  
  17  1:13  Probe, Assimilator  
  18  1:21  Pylon  
  18  1:25  Probe  
  19  1:30  Cybernetics Core  
  19  1:38  Probe (Chrono Boost)  
  20  1:49  Probe (Chrono Boost)  
  21  1:54  Probe (Chrono Boost)  
  22  2:26  Stargate  
  22  2:30  Pylon  
  22  2:31  Probe  
  23  2:43  Probe  
  24  2:48  Nexus  
  24  3:11  Void Ray (Chrono Boost)  
  28  3:42  Stargate  
  28  3:43  Pylon  
  28  3:47  Void Ray (Chrono Boost)  
  28  3:48  Pylon  
  32  4:12  Probe (Chrono Boost)  
  33  4:21  Pylon  
  33  4:22  Probe (Chrono Boost), Void Ray  
  38  4:27  Probe (Chrono Boost)  
  39  4:36  Void Ray  
  39  4:38  Probe  
  42  4:41  Probe (Chrono Boost)  
  38  4:53  Probe (Chrono Boost)  
  38  4:55  Probe (Chrono Boost)  
  39  5:01  Probe (Chrono Boost)  
  39  5:02  Forge  
  39  5:06  Forge  
  40  5:07  Probe  
  41  5:34  Void Ray x2  
  49  5:40  Probe, Assimilator  
  50  6:50  Nexus  
  50  6:55  Probe, Assimilator  
  51  7:02  Fleet Beacon  
  51  7:06  Forge  
  52  7:10  Probe (Chrono Boost), Stargate  
  52  7:12  Probe (Chrono Boost)  
  53  7:22  Probe (Chrono Boost)  
  55  7:23  Probe (Chrono Boost)  
  55  7:27  Probe (Chrono Boost)  
  56  7:31  Probe  
  57  7:38  Probe  
  57  7:44  Probe  
  59  7:50  Probe  
  60  8:16  Probe  
  61  8:20  Assimilator, Tempest (Chrono Boost)  
  61  8:23  Assimilator  
  73  8:28  Probe  
  73  8:30  Pylon, Carrier (Chrono Boost)  
  73  8:31  Tempest (Chrono Boost)  
  73  8:32  Pylon  
  73  8:33  Pylon  
  80  8:40  Probe  
  81  8:52  Probe  
  82  9:04  Probe  
  83  9:30  Probe  
  84  9:34  Probe  
  85  9:40  Stargate x2  
  85  9:42  Probe  
Show
View Real Time Build Order
Export as new Build Order

FUGASPOST Protoss 

Build Orders:  

Get SALT Encoding   

  12  3:46  Probe (Chrono Boost)  
  14  3:57  Probe (Chrono Boost)  
  14  4:00  Nexus  
  14  4:01  Probe (Chrono Boost)  
  14  4:02  Assimilator  
  14  4:06  Assimilator  
  15  4:11  Pylon  
  15  4:15  Pylon  
  15  4:19  Pylon  
  15  4:20  Pylon x2  
  15  4:22  Pylon  
  15  4:25  Pylon  
  15  4:26  Pylon  
  15  4:29  Probe (Chrono Boost)  
  17  4:38  Assimilator  
  17  4:39  Probe (Chrono Boost)  
  17  4:42  Assimilator  
  17  4:44  Probe (Chrono Boost)  
  18  4:55  Probe  
  18  4:56  Gateway  
  18  4:57  Gateway  
  19  5:02  Gateway  
  19  5:04  Gateway  
  19  5:06  Gateway  
  19  5:08  Probe  
  19  5:11  Gateway  
  19  5:12  Gateway  
  20  5:14  Gateway  
  20  5:16  Gateway  
  20  5:21  Probe (Chrono Boost), Gateway  
  21  5:31  Probe (Chrono Boost)  
  22  5:36  Probe (Chrono Boost)  
  23  5:46  Probe (Chrono Boost)  
  25  5:53  Probe (Chrono Boost)  
  25  5:56  Probe (Chrono Boost)  
  26  5:57  Pylon  
  26  5:58  Pylon  
  26  6:00  Pylon  
  26  6:01  Probe x2 (Chrono Boost)  
  28  6:05  Pylon  
  28  6:12  Probe  
  29  6:24  Probe  
  30  6:54  Probe (Chrono Boost)  
  31  7:04  Probe (Chrono Boost)  
  32  7:09  Probe (Chrono Boost)  
  32  7:14  Cybernetics Core  
  33  7:18  Forge  
  33  7:21  Probe  
  34  7:30  Pylon  
  34  7:33  Probe  
  35  7:45  Probe  
  36  7:58  Warp Gate  
  36  8:15  Twilight Council  
  36  8:18  Robotics Facility  
  36  8:27  Photon Cannon  
  36  8:31  Photon Cannon  
  36  8:41  Nexus  
  36  8:57  Pylon  
  36  9:00  Pylon  
  36  9:03  Pylon  
  36  9:08  Observer  
  37  9:29  Observer  
  38  9:32  Photon Cannon  
  38  9:33  Photon Cannon  
  38  9:35  Photon Cannon  
  38  9:38  Photon Cannon  
  38  9:40  Photon Cannon  
  38  9:41  Probe (Chrono Boost)  
  38  9:42  Photon Cannon  
  38  9:44  Photon Cannon  
  39  9:47  Photon Cannon  
Show
View Real Time Build Order
Export as new Build Order

Dissention Terran 

Build Orders: MMM Bio 

Get SALT Encoding   

  12  0:04  SCV  
  13  0:17  SCV  
  14  0:35  Supply Depot, SCV  
  15  0:56  SCV  
  16  1:02  Barracks  
  16  1:08  SCV  
  17  1:21  SCV  
  18  1:33  SCV  
  18  1:39  Command Center  
  19  1:40  Refinery  
  19  1:45  SCV  
  20  1:53  Marine  
  21  2:03  Barracks  
  21  2:04  Barracks  
  21  2:12  Orbital Command  
  21  2:23  Marine  
  22  2:32  Engineering Bay  
  22  2:45  SCV  
  22  2:49  Barracks Reactor  
  23  2:55  Supply Depot  
  23  2:57  SCV  
  24  3:05  SCV  
  24  3:09  Barracks Tech Lab  
  24  3:10  Barracks Tech Lab  
  25  3:14  Missile Turret  
  25  3:21  SCV  
  25  3:23  Refinery, Orbital Command  
  25  3:26  Marine  
  27  3:33  SCV  
  28  3:43  Marine x2  
  28  3:46  Stimpack  
  30  3:53  SCV x2  
  32  3:57  Marine, Refinery  
  34  4:10  SCV x2  
  35  4:23  SCV  
  36  4:24  Combat Shields  
  36  4:25  Marine  
  36  4:28  SCV  
  38  4:32  Command Center  
  38  4:35  SCV  
  39  4:40  Marine x3, SCV  
  43  4:52  Factory  
  43  4:53  Supply Depot  
  43  4:54  Terran Infantry Weapons Level 1  
  43  4:55  Marine  
  43  4:57  SCV  
  43  4:58  Marine  
  46  5:13  Supply Depot  
  46  5:15  Marine x3, SCV  
  50  5:26  Marine  
  51  5:33  Marine  
  51  5:34  Marauder  
  54  5:37  Factory Reactor, Starport  
  54  5:38  SCV x2  
  56  5:44  Orbital Command  
  56  5:50  SCV x2  
  56  5:51  Marauder  
  56  5:53  Marine  
  56  5:54  Marine  
  56  5:55  Concussive Shells, Marauder  
  64  6:02  SCV  
  64  6:03  SCV  
  54  6:47  Marine x2, Marauder  
  51  6:48  Marauder  
  51  6:51  Medivac  
  51  6:52  Medivac  
  51  6:53  Factory Tech Lab  
  61  7:04  Marine  
  61  7:05  Marine  
  61  7:06  SCV  
  61  7:07  SCV  
  61  7:08  Marine  
  65  7:09  Marine  
  65  7:10  Refinery  
  67  7:17  Supply Depot  
  67  7:18  Supply Depot, Terran Infantry Armor Level 1  
  67  7:20  Supply Depot x2, Armory  
  67  7:22  SCV x3  
  70  7:26  Refinery  
  70  7:34  SCV x2  
  72  7:40  Marine x3  
  72  7:41  SCV, Marauder  
  78  7:46  SCV  
  79  7:53  Barracks x3  
  79  7:56  Barracks  
  79  7:57  SCV x2  
  79  7:58  SCV  
  82  7:59  Engineering Bay  
  82  8:06  Marine x3, Marauder  
  87  8:22  Medivac x2  
  87  8:23  Marine, Siege Tank  
  87  8:24  Marauder  
  97  8:32  Marine, Marauder  
  100  8:34  Supply Depot  
  100  8:37  Supply Depot  
  100  8:41  Marine  
  100  8:43  Barracks  
  100  8:45  SCV  
  100  8:46  SCV  
  103  8:51  Medivac  
  104  8:57  Supply Depot  
  104  8:58  Marine x2  
  104  8:59  Marine x4, Marauder  
  104  9:00  Marauder  
  104  9:01  Supply Depot  
  104  9:02  Medivac  
  115  9:16  Marine x3  
  113  9:20  Marauder  
  113  9:21  Medivac  
  113  9:24  Marine x2  
  113  9:25  Marine, Marauder  
Show
View Real Time Build Order
Export as new Build Order

kanavan Zerg 

Build Orders: Pool First 

Get SALT Encoding   

  12  0:22  Drone  
  12  0:23  Drone  
  12  0:26  Overlord  
  14  0:55  Drone x2  
  16  0:58  Drone  
  16  1:03  Extractor  
  16  1:12  Spawning Pool  
  15  1:20  Drone  
  15  1:22  Hatchery  
  15  1:24  Drone  
  16  1:33  Drone  
  17  1:45  Extractor, Drone  
  17  1:52  Drone, Evolution Chamber  
  17  2:05  Drone  
  18  2:13  Drone  
  18  2:15  Queen  
  21  2:25  Drone  
  22  2:33  Overlord  
  22  3:10  Drone x2  
  24  3:13  Lair  
  24  3:15  Drone x3  
  24  3:17  Queen  
  29  3:21  Drone  
  30  3:34  Drone  
  31  4:03  Drone x3  
  34  4:24  Spire  
  34  4:27  Spire  
  34  4:29  Drone x2  
  34  4:35  Drone x2  
  36  4:38  Overlord  
  36  4:50  Overlord x3  
  36  5:18  Extractor  
  36  5:19  Drone x2  
  36  5:20  Drone  
  38  5:42  Zerg Flyer Weapons Level 1  
  38  5:43  Zerg Flyer Armor Level 1  
  38  5:45  Drone  
  38  5:46  Drone x3  
  42  5:58  Extractor  
  41  6:25  Drone x5  
  46  6:27  Drone  
  47  6:37  Overlord x3  
  47  6:38  Overlord x4  
  47  6:39  Overlord  
  47  7:07  Infestation Pit  
  46  7:19  Zerg Melee Weapons Level 1  
  46  7:28  Burrow  
  46  7:30  Pneumatized Carapace  
  46  8:13  Hatchery  
  46  8:15  Hive  
  46  8:19  Drone  
  46  9:28  Drone  
Tags
 
Add a new tag
Caveats
  • Supply blocks, unpowered buildings, or Contaminate may cause inaccurate times.
  • Supply counts are checked every 10 seconds.